 Dungeon Crawl Stone Soup version 0.31-a0-1620-gcbf77bbcfc (webtiles) character file.

Game seed: 876953996554697840

592 bmb222 the Trooper (level 7, 0/62 HPs)
             Began as a Minotaur Delver on Jan 11, 2024.
             Slain by Pikel
             ... wielding a +1 whip of flaming
              (6 damage)
             ... on level 4 of the Dungeon.
             The game lasted 00:02:57 (2436 turns).

bmb222 the Trooper (Minotaur Delver)                Turns: 2436, Time: 00:02:58

Health: 0/62       AC:  8    Str: 16    XL:     7   Next: 16%
Magic:  6/6        EV: 10    Int:  7    God:
Gold:   255        SH:  0    Dex: 14    Spells: 6/6 levels left

rFire   . . .        e - +2 demon whip (venom)
rCold   . . .        (no shield)
rNeg    . . .        q - +0 scale mail
rPois   .            (helmet restricted)
rElec   .            r - +0 cloak
rCorr   .            (no gloves)
SInv    .            (no boots)
Will    .....        (no amulet)
Stlth   +            (no ring)
HPRegen 0.30/turn    (no ring)
MPRegen 0.10/turn

%: no passive effects
@: hasted, very quick
A: horns 2, retaliatory headbutt
a: no special abilities


You were on level 4 of the Dungeon.
You visited 1 branch of the dungeon, and saw 5 of its levels.

You collected 255 gold pieces.

Inventory:

Hand Weapons
 a - a +0 falchion
 e - a +2 demon whip of venom (weapon)
Missiles
 u - 12 poisoned darts (quivered)
Armour
 b - a +0 leather armour
 i - a +0 ring mail
 q - a +0 scale mail (worn)
 r - a +0 cloak (worn)
Talismans
 n - a flux talisman
Wands
 g - a wand of digging (3)
 h - a wand of mindburst (10)
 v - a wand of flame (12)
Scrolls
 c - 2 scrolls of fog
 d - a scroll of revelation
 j - a scroll of butterflies {unknown}
 m - a scroll of torment {unknown}
 s - 3 scrolls of teleportation
 t - a scroll of enchant weapon
 w - a scroll of blinking {unknown}
Potions
 k - a potion of ambrosia {unknown}
 l - 4 potions of curing {unknown}
 o - a potion of degeneration {unknown}
 p - 2 potions of brilliance {unknown}


   Skills:
 + Level 5.9 Fighting
 + Level 5.1 Long Blades
 * Level 5.4 Armour
 - Level 3.0 Dodging
 - Level 4.5 Stealth


You had 6 spell levels left.
You didn't know any spells.
Your spell library contained the following spells:

 Spells                   Type           Power      Damage    Failure   Level
 Magic Dart               Conj           0%         1d3       83%         1
 Searing Ray              Conj           0%         2d4       93%         2
 Call Canine Familiar     Summ           0%         N/A       99%         3
 Sigil of Binding         Hex            0%         N/A       99%         3
 Dimensional Bullseye     Hex/Tloc       0%         N/A       100%        4
 Fulminant Prism          Conj/Alch      0%         3d5       100%        4
 Vhi's Electric Charge    Tloc/Air       0%         N/A       100%        4
 Arcjolt                  Conj/Air       0%         1d10      100%        5
 Summon Forest            Summ/Tloc      0%         N/A       100%        5
 Eringya's Noxious Bog    Alch           0%         4d6       100%        6
 Summon Hydra             Summ           0%         N/A       100%        7
 Maxwell's Capacitive Co  Air            0%         ∞         100%        8


Dungeon Overview and Level Annotations

Branches:
Dungeon (5/15)
 Temple: D:4-7

Altars:
Cheibriados
Okawaru
Uskayaw

Annotations:
D:4 Pikel


Innate Abilities, Weirdness & Mutations

You have a pair of horns on your head.
You reflexively headbutt those who attack you in melee.


Message History

Pikel is lightly wounded.
Pikel barely misses you.
Unknown command.
You closely miss Pikel. You headbutt Pikel.
Pikel is moderately wounded.
The lemure hits you. x2; Pikel closely misses you.
Unknown command.
You miss Pikel.
Pikel is moderately wounded.
The lemure hits you but does no damage. The lemure closely misses you.
You furiously retaliate!
You headbutt the lemure. Pikel barely misses you. You furiously retaliate!
You headbutt Pikel, but do no damage.
Unknown command.
You hit Pikel.
Pikel is moderately wounded.
The lemure misses you. The lemure hits you. Pikel barely misses you.
Unknown command.
You closely miss Pikel. You headbutt Pikel.
Pikel is heavily wounded.
The lemure hits you but does no damage. The lemure hits you.
Pikel barely misses you. You furiously retaliate!
You headbutt Pikel. The lemure hits you.
Unknown command.
You miss Pikel. Your headbutt misses Pikel.
Pikel is severely wounded.
The lemure hits you!
* * * LOW HITPOINT WARNING * * *
Pikel hits you with a +1 whip of flaming.
* * * LOW HITPOINT WARNING * * *
Pikel burns you.
* * * LOW HITPOINT WARNING * * *
The lemure barely misses you. x2; You furiously retaliate!
You headbutt the lemure!
You feel yourself speed up. Pikel barely misses you. The lemure hits you!
* * * LOW HITPOINT WARNING * * *
The lemure closely misses you. Pikel attacks as he pursues you!
Pikel hits you with a +1 whip of flaming.
You die...
Pikel says, "See you in Hell!"

##### #...# ###############...#
....5....†...##...#
#..#..#..#.55.....#
.5......5..#.#5..##
..............#.5..##
............###K5...############
#..#..#..#..# #@................
.............##...#...........##
############.#...............###
................................
................................
............#########.......###
...........# #.......#
#........#########..###.####
#...#.............†.........


You could see Pikel (poisoned) and 3 lemures.

Vanquished Creatures
  Eustachio (D:4)
  Edmund (D:4)
  A lemure (D:4)
  A phantom (D:4)
  A scorpion (D:4)
  2 bombardier beetles
  A jelly (D:4)
  A gnoll (D:4)
  4 adders
  5 dart slugs
  A ribbon worm (D:2)
  An orc (D:3)
  7 ball pythons
  5 bats
  An endoplasm (D:3)
  A giant cockroach (D:1)
  9 goblins
  6 hobgoblins
  2 jackals (D:2)
  A quokka (D:1)
  4 frilled lizards
  A kobold (D:3)
  5 rats
62 creatures vanquished.

Notes
Turn   | Place    | Note
-------+----------+-------------------------------------------
     0 | D:5      | bmb222 the Minotaur Delver began the quest for the Orb.
     0 | D:5      | Reached XP level 1. HP: 19/19 MP: 0/0
     8 | D:5      | Noticed a hound
    18 | D:5      | Noticed a scorpion
    19 | D:5      | Noticed a gnoll bouda
    27 | D:4      | Reached XP level 2. HP: 24/27 MP: 1/1
   155 | D:2      | Reached XP level 3. HP: 21/33 MP: 2/2
   857 | D:2      | Found a snail-covered altar of Cheibriados.
  1019 | D:2      | Reached XP level 4. HP: 41/41 MP: 3/3
  1214 | D:2      | Reached skill level 1 in Armour
  1376 | D:2      | Identified the +2 dagger "Newtslayer" {protect, Dex+3}
  1886 | D:4      | Reached XP level 5. HP: 47/47 MP: 4/4
  1915 | D:4      | Noticed a phantom
  1923 | D:4      | Killed a phantom
  1924 | D:4      | Reached skill level 5 in Fighting
  1924 | D:4      | Reached XP level 6. HP: 50/56 MP: 5/5
  2123 | D:4      | Noticed Eustachio
  2138 | D:4      | Killed Eustachio
  2263 | D:4      | Found an iron altar of Okawaru.
  2263 | D:4      | Found a hide-covered altar of Uskayaw.
  2287 | D:4      | Noticed Edmund
  2296 | D:4      | Killed Edmund
  2297 | D:4      | Reached skill level 5 in Long Blades
  2297 | D:4      | Reached skill level 5 in Armour
  2297 | D:4      | Reached XP level 7. HP: 52/62 MP: 6/6
  2412 | D:4      | Noticed Pikel
  2436 | D:4      | Slain by Pikel

Illustrated notes

Levels and vault maps discovered:
D:1:      saegor_arrival_fortress, layout_basic
D:2:      layout_basic, basic_altar, minmay_goblin_kobold_house
D:3:      layout_rooms
D:4:      wad_pebble_path, layout_rooms, gammafunk_temple_overflow_wave,
          temple_hall, uniq_edmund, uniq_pikel, uniq_eustachio
D:5:      layout_rooms, lemuel_crystal_altar,
          grunt_temple_overflow_growth_and_decay, serial_shops, shop,
          uniq_blork_the_orc

Skill      XL: |  1  2  3  4  5  6 |
---------------+-------------------+-----
Fighting       | 4 5 |  5.9
Long Blades    | 3 4 5 |  5.1
Dodging        | 3 |  3.0
Armour         | 2 3 5 |  5.4
Stealth        | |  4.5

Action                     |  1- 3 |  4- 6 |  7- 9 || total
---------------------------+-------+-------+-------++-------
  Melee: Falchion          |    11 |       |       ||    11
         Punch             |     1 |       |       ||     1
         Demon whip        |    46 |    63 |    15 ||   124
         Headbutt          |     7 |    15 |     2 ||    24
  Evoke: Wand              |       |     5 |       ||     5
    Use: Scroll            |     1 |     2 |       ||     3
         Potion            |       |     1 |     1 ||     2
   Stab: Sleeping          |     2 |     2 |       ||     4
 Armour: Leather armour    |     2 |       |       ||     2
         Ring mail         |    26 |       |       ||    26
         Scale mail        |     1 |    57 |    21 ||    79
  Dodge: Dodged            |    33 |    44 |    16 ||    93

Table legend: (Time is in decaauts)
 A = Elapsed time spent in this place.
 B = Non-inter-level travel time spent in this place.
 C = Inter-level travel time spent in this place.
 D = Time resting spent in this place.
 E = Time spent auto-exploring this place.
 F = Levels seen in this place.
 G = Mean time per level.
                   A        B        C        D        E       F      G
               +--------+--------+--------+--------+--------+-----+--------+
         Total |   2448 |   2375 |     73 |    101 |   1807 |   5 |  489.6 |
       Dungeon |   2448 |   2375 |     73 |    101 |   1807 |   5 |  489.6 |
               +--------+--------+--------+--------+--------+-----+--------+

Top non-repeatable levels by time:
     D:2: 940 daAuts
     D:4: 565 daAuts
     D:1: 469 daAuts
     D:3: 450 daAuts
     D:5: 22 daAuts
